 Dungeon Crawl Stone Soup version 0.23.2-1-ga50397a (webtiles) character file.

Game seed: 1811927156070575633

143 davaitedunem the Cudgeler (level 5, -1/50 HPs)
             Began as a Troll Fighter on Apr 29, 2019.
             Was an Initiate of Trog.
             Slain by a gnoll
             ... wielding a +2 spear of freezing
              (3 damage)
             ... on level 3 of the Dungeon.
             The game lasted 00:05:44 (1660 turns).

davaitedunem the Cudgeler (Troll Fighter)           Turns: 1660, Time: 00:05:44

Health: -1/50      AC:  7    Str: 25    XL:     5   Next: 4%
Magic:  4/4        EV:  8    Int:  4    God:    Trog [......]
Gold:   103        SH:  8    Dex:  9    Spells: 4/4 levels left

rFire    . . .     SeeInvis .   a - +0 flail
rCold    . . .     Gourm    +   c - +0 shield
rNeg     + . .     Faith    .   b - +0 robe
rPois    .         Spirit   .   (helmet restricted)
rElec    .         Reflect  .   o - +0 cloak
rCorr    .         Harm     .   (gloves unavailable)
MR       .....                  (boots unavailable)
Stlth    +.........             m - amulet of inaccuracy (curse)
HPRegen  0.56/turn              l - ring of positive energy
MPRegen  0.09/turn              (no ring)

@: no status effects
A: large, unfitting armour, claws 3, fast metabolism 3, gourmand, regeneration
1, shaggy fur 1, tough skin 3
a: Renounce Religion


You were on level 3 of the Dungeon.
You worshipped Trog.
Trog was noncommittal.
You were very full.

You visited 1 branch of the dungeon, and saw 3 of its levels.

You collected 103 gold pieces.

Inventory:

Hand Weapons
 a - a +0 flail (weapon)
 h - a +0 mace of crushing
Armour
 b - a +0 robe (worn)
 c - a +0 shield (worn)
 o - a +0 cloak (worn)
Jewellery
 i - an uncursed amulet of rage
 l - a ring of positive energy (left claw)
 m - a cursed amulet of inaccuracy (around neck)
Scrolls
 e - a scroll of blinking
 n - 2 scrolls of teleportation
 p - a scroll of identify
Potions
 d - a potion of might
 g - a potion of lignification {unknown}
 j - a potion of heal wounds {unknown}
 k - a potion of cancellation {unknown}
 q - a potion of curing {unknown}
 r - a potion of invisibility {unknown}
 s - a potion of degeneration {unknown}
Comestibles
 f - 11 rations
 t - 6 chunks of flesh


   Skills:
 - Level 2.4 Fighting
 + Level 4.8 Maces & Flails
 - Level 2.4 Dodging
 - Level 2.4 Shields


You had 4 spell levels left.
You didn't know any spells.
Your spell library was empty.

Dungeon Overview and Level Annotations

Branches:
Dungeon (3/15)

Altars:
Cheibriados
Ru
Trog


Innate Abilities, Weirdness & Mutations

You are too large for most types of armour.
You have claws for hands.
Your metabolism is lightning-fast.
You like to eat raw meat.
Your natural rate of healing is unusually fast.
You are covered in fur. (AC +1)
You have extremely tough skin. (AC +3)


Message History

The gnoll hits you with a +2 spear of freezing.
The gnoll freezes you. The gnoll hits you but does no damage.
You hit the gnoll.
The gnoll is moderately wounded.
The gnoll closely misses you. You block the gnoll's attack.
You closely miss the gnoll.
The gnoll is moderately wounded.
The gnoll hits you with a +2 spear of freezing.
The gnoll freezes you. You block the gnoll's attack.
You hit the gnoll.
The gnoll is severely wounded.
The gnoll hits you with a +2 spear of freezing!
* * * LOW HITPOINT WARNING * * *
The gnoll freezes you.
* * * LOW HITPOINT WARNING * * *
The gnoll barely misses you.
The gnoll hits you with a +2 spear of freezing!
* * * LOW HITPOINT WARNING * * *
The gnoll freezes you.
You die...

#.. #.. #.. # #..
###.######..#
...#........#######.##
###...####......@gg.!#
..........[..######..#
...)..............# #
.......###...####.#
.##....##.....#
.#####.##.(...# .##
#....[...#
..###.####...##
.....### ##.##


You could see 2 gnolls.

Vanquished Creatures
  A howler monkey (D:2)
  Terence (D:3)
  A gnoll (D:3)
  An ooze (D:2)
  A worm (D:2)
  4 dart slugs
  An orc (D:3)
  2 giant cockroaches
  12 goblins
  4 hobgoblins
  A jackal (D:2)
  A quokka (D:3)
  5 bats
  2 frilled lizards (D:2)
  11 kobolds
  5 rats
53 creatures vanquished.

Notes
Turn   | Place    | Note
-------+----------+-------------------------------------------
     0 | D:1      | davaitedunem the Troll Fighter began the quest for the Orb.
     0 | D:1      | Reached XP level 1. HP: 22/22 MP: 0/0
    25 | D:1      | Reached skill level 2 in Maces & Flails
    68 | D:1      | Reached XP level 2. HP: 28/29 MP: 1/1
   320 | D:1      | Reached skill level 3 in Maces & Flails
   495 | D:1      | Reached XP level 3. HP: 36/36 MP: 2/2
   699 | D:2      | Found a snail-covered altar of Cheibriados.
   860 | D:2      | Reached skill level 4 in Maces & Flails
   860 | D:2      | Reached XP level 4. HP: 43/44 MP: 3/3
  1081 | D:2      | Found a sacrificial altar of Ru.
  1178 | D:2      | Found a bloodstained altar of Trog.
  1191 | D:2      | Became a worshipper of Trog the Wrathful
  1586 | D:3      | Noticed Terence
  1601 | D:3      | Killed Terence
  1646 | D:3      | Reached XP level 5. HP: 42/50 MP: 4/4
  1660 | D:3      | HP: 2/50 [gnoll/+2 spear of freezing (7)]
  1660 | D:3      | Slain by a gnoll

Skill      XL: |  1  2  3 |
---------------+----------+-----
Maces & Flails | 2 3 4 |  4.8
Fighting       | |  2.4
Dodging        | |  2.4
Shields        | |  2.4

Action                   |  1- 3 |  4- 6 || total
-------------------------+-------+-------++-------
Melee: Flail             |   114 |   106 ||   220
  Use: Scroll            |       |     4 ||     4
  Eat: Chunk             |    14 |     7 ||    21
Armor: Robe              |    54 |    45 ||    99
Dodge: Dodged            |    62 |    36 ||    98
Block: Shield            |    57 |    54 ||   111
